cohdb
Replays
Latest Replays
All Replays
Popular Replays
Top Player Replays
Match Explorer
How It Works
Community
CoH3 Stats
Reddit
Sign in to upload your games and track your stats! →
Sign in with Steam
Match 40954708
Unlisted
Match 40954708
Overview
Messages
Build Orders
End
Pioneer Squad
Construct Infanterie Kompanie
Selects Mechanized Battlegroup
Grenadier Squad
Grenadier Squad
Grenadier Squad
Infanterie Officer Quarters
MG 42 Machine Gun Team
Construct Panzergrenadier Kompanie
Pak 40 Anti-tank Gun Team
Construct Panzer Kompanie
Medical Bunker
Pioneer Squad
Selects Raid Package
Selects 8 Rad Armored Car
Selects UNKNOWN (2160084)
Panther Heavy Tank
Stoßtruppen Squad
Panzer Officer Quarters
MG 42 Machine Gun Team
Selects Spotting Scopes
Selects Stoßtruppen Assault Package
Panther Heavy Tank
Selects Mechanized Assault
Stoßtruppen Squad
Panther Heavy Tank
Panther Heavy Tank
CAuMOH
eliass0101
【POW】游骑
Capibimbambombolilalone ITA
0
0
Comments
sign in to comment!
No comments posted yet!